 Dungeon Crawl Stone Soup version 0.29.0-5-ge4962eb29e (webtiles) character file.

Game seed: 2756291536776570962

3699 Flugkiller the Cleaver (level 9, -2/75 (81) HPs)
             Began as a Minotaur Fighter on Aug 28, 2022.
             Was an Elder of Okawaru.
             Slain by a wight
             ... wielding a +0 trident
              (4 damage)
             ... on level 8 of the Dungeon.
             The game lasted 00:03:28 (8928 turns).

Flugkiller the Cleaver (Minotaur Fighter)           Turns: 8928, Time: 00:03:28

HP:   -2/75 (81)    AC: 18    Str: 20    XL:     9   Next: 91%
MP:   9/11          EV:  9    Int:  5    God:    Okawaru [****..]
Gold: 327           SH:  6    Dex: 17    Spells: 8/8 levels left

rFire   . . .      SeeInvis .   a - +1 war axe (vorpal)
rCold   . . .      Faith    +   c - +0 buckler
rNeg    . . .      Spirit   .   x - +0 plate armour
rPois   .          Reflect  .   (helmet restricted)
rElec   .          Harm     .   f - +1 cloak of Leapfrog {Dex+2}
rCorr   .          Rampage  .   (no gloves)
Will    .....                   (no boots)
Stlth   ..........              s - amulet of faith
HPRegen 0.22/turn               (no ring)
MPRegen 0.12/turn               (no ring)

@: heroic, drained
A: horns 2, retaliatory headbutt
a: Renounce Religion, Heroism, Finesse


You were on level 8 of the Dungeon.
You worshipped Okawaru.
Okawaru was greatly pleased with you.
You visited 2 branches of the dungeon, and saw 9 of its levels.

You collected 327 gold pieces.

Inventory:

Hand Weapons
 a - a +1 vorpal war axe (weapon)
Missiles
 n - 5 javelins (quivered)
Armour
 b - a +0 scale mail
 c - a +0 buckler (worn)
 f - the +1 cloak of Leapfrog (worn) {Dex+2}
   (You found it on level 5 of the Dungeon)

   Dex:       It affects your dexterity (+2).
 x - a +0 plate armour (worn)
   (You found it on level 7 of the Dungeon)
Jewellery
 k - a ring of resist corrosion
   (You found it on level 6 of the Dungeon)
 s - an amulet of faith (around neck)
   (You found it on level 5 of the Dungeon)
 y - a +6 ring of strength
   (You found it on level 7 of the Dungeon)
Wands
 g - a wand of mindburst (7)
   (You took it off an orc on level 6 of the Dungeon)
Scrolls
 e - 3 scrolls of enchant weapon
 i - a scroll of blinking {unknown}
 j - 2 scrolls of vulnerability
 l - a scroll of immolation
 r - 2 scrolls of identify
 t - 3 scrolls of teleportation
 w - 3 scrolls of amnesia {unknown}
 z - a scroll of poison {unknown}
Potions
 d - a potion of might
 h - a potion of flight {unknown}
 m - 2 potions of berserk rage
 o - a potion of magic {unknown}
 p - 2 potions of degeneration {unknown}
 q - 2 potions of invisibility {unknown}
 u - a potion of lignification {unknown}
 v - a potion of haste {unknown}
 A - a potion of ambrosia {unknown}


   Skills:
 + Level 8.1(13.1) Fighting
 * Level 10.5(15.5) Axes
 + Level 5.2(10.2) Throwing
 + Level 8.0(13.0) Armour
 - Level 3.6(8.6) Shields
 + Level 5.1 Invocations


You had 8 spell levels left.
You didn't know any spells.
Your spell library was empty.

Dungeon Overview and Level Annotations

Branches:
Dungeon (8/15)             Temple (1/1) D:4
   Lair: D:8-11

Altars:
Cheibriados
Dithmenos
Fedhas
Gozag
Hepliaklqana
Makhleb
Nemelex Xobeh
Okawaru
Ru
Trog
Vehumet
Wu Jian
Zin
The Shining One

Shops:
D:3 [

Annotations:
D:3 2 transporters, mtsr's ghost, amateur GnWr


Innate Abilities, Weirdness & Mutations

You have a pair of horns on your head.
You reflexively headbutt those who attack you in melee.


Message History

You hear a zap.
Your will is overpowered!
You are confused.
The now-empty wand crumbles to dust.
You are too confused!
You hit something. Something hits you.
Something steals 183 gold pieces!
You now have 138 gold pieces.
You are too confused!
You slash something! Okawaru is honoured by your kill.
You can now speed up your combat.
Reactivating autopickup.
You feel a bit more experienced.
Your life force feels restored.
Your Fighting skill increases to level 8!
Your Throwing skill increases to level 5!
Your Invocations skill increases to level 5!
You are too confused!
y - a +6 ring of strength You now have enough gold to buy a +2 pair of gloves of hurling on D:3.
You can access your shopping list by pressing '$'.
You now have 327 gold pieces (gained 189).
Things that are here:
a +0 short sword; a +0 cloak; the human corpse of Maurice You are too confused!
You start resting.
You feel less confused.
Things that are here:
a +0 short sword; a +0 cloak; the human corpse of Maurice You hear the steady creaking of a very distant portcullis.
HP restored.
Found a great sword and 6 stones.
d - a potion of might;
A - a smoky pink potion
w - 3 scrolls labelled BUUJAT TIYH (gained 1)
A wight comes into view. It is wielding a +0 scimitar.
The wight moves out of view.
A wight comes into view. It is wielding a +1 long sword.
You see here a scroll of identify.
There are monsters nearby! 3 wights come into view.
A wight is wielding a +2 great sword of freezing.
The wight barely misses you.
You hit the wight but do no damage. The wight hits you with a +0 scimitar.
You slash the wight!
You headbutt the wight, but do no damage.
The wight is severely damaged.
The wight hits you with a +0 scimitar.
You feel drained.
You closely miss the wight.
The wight is severely damaged.
The wight hits you but does no damage. x2
You hit the wight. You headbutt the wight.
You destroy the wight!
Okawaru accepts your kill.
You hit the wight but do no damage.
The wight hits you with a +1 long sword.
You feel drained. The wight hits you but does no damage.
You slash the wight! Your headbutt misses the wight.
The wight is severely damaged.
You block the wight's attack. The wight hits you but does no damage.
You completely miss the wight.
The wight is severely damaged.
You barely miss the wight.
The wight hits you with a +1 long sword.
The wight barely misses you.
The wight hits you from afar with a +0 trident.
You feel drained.
You slash the wight!
You destroy the wight!
Okawaru accepts your kill.
You hit the wight. The wight closely misses you. You furiously retaliate!
You headbutt the wight. The wight barely misses you.
You barely miss the wight.
The wight is moderately damaged.
You hit the wight but do no damage.
The wight hits you with a +2 great sword of freezing!
The wight freezes you. The wight hits you but does no damage.
The wight hits you from afar with a +0 trident.
You slash the wight!
You destroy the wight!
Okawaru accepts your kill.
You barely miss the wight.
The wight hits you from afar with a +0 trident.
You feel drained.
The wight hits you with a +2 great sword of freezing!!
* * * LOW HITPOINT WARNING * * *
The wight freezes you.
* * * LOW HITPOINT WARNING * * *
Your Armour skill increases to level 8!
You are too injured to fight recklessly!
You are too injured to fight recklessly!
You are too injured to fight recklessly!
You gain the combat prowess of a mighty hero.
You block the wight's attack.
The wight hits you with a +2 great sword of freezing!
* * * LOW HITPOINT WARNING * * *
You feel drained.
* * * LOW HITPOINT WARNING * * *
The wight freezes you.
* * * LOW HITPOINT WARNING * * *
You hear the steady creaking of a very distant portcullis.
The wight hits you with a +0 trident.
You die...

## ###### ...# ## #....#
..#.. #....# ..#. #....#
... #....+ #.# #....#
#####.# # #.z..######
#.....# #. #@z......
#.....######.###..######
#..........#...?...#####
#....###...###..........
#..........+............
.....).....###..........
<.......##.##.....).....
........##.#............
.#......#...............


You could see 2 wights.

Vanquished Creatures
  Pikel (D:7)
  Maurice (D:8)
  The ghost of DaveKP the Ruffian, a novice DrTm of Makhleb (D:5)
  Maggie (D:7)
  Prince Ribbit (D:6)
  A wyvern (D:7)
  An acid dragon (D:7)
  A sky beast (D:7)
  2 ice beasts
  An ogre (D:5)
  A centaur (D:5)
  3 lemures (D:7)
  A phantom (D:6)
  A kobold brigand (D:7)
  Blork the orc (D:6)
  A gnoll sergeant (D:7)
  A scorpion (D:7)
  12 wights
  A howler monkey (D:4)
  2 hounds
  A jelly (D:5)
  2 orc priests
  An iguana (D:5)
  12 gnolls
  6 adders
  3 ufetubi
  2 worms (D:2)
  A dart slug (D:1)
  16 orcs
  5 ball pythons
  8 endoplasms
  A giant cockroach (D:3)
  9 goblins
  11 hobgoblins
  2 jackals (D:2)
  A quokka (D:2)
  4 bats
  A frilled lizard (D:3)
  13 kobolds
  2 rats (D:3)
136 creatures vanquished.

Notes
Turn   | Place    | Note
-------+----------+-------------------------------------------
     0 | D:1      | Flugkiller the Minotaur Fighter began the quest for the
                  | Orb.
     0 | D:1      | Reached XP level 1. HP: 19/19 MP: 0/0
   200 | D:1      | Reached skill level 3 in Axes
   200 | D:1      | Reached XP level 2. HP: 8/27 MP: 1/1
   762 | D:1      | Reached XP level 3. HP: 33/33 MP: 2/2
  1439 | D:2      | Reached skill level 4 in Axes
  1439 | D:2      | Reached XP level 4. HP: 3/41 MP: 3/3
  2416 | D:3      | Identified the +3 whip of Impermanence {venom, +Blink rC-
                  | Int+4}
  2573 | D:3      | Found Pituec's Armour Emporium.
  2602 | D:3      | Found a transporter.
  2691 | D:3      | Found a transporter.
  2693 | D:3      | Noticed mtsr's ghost (amateur GnWr)
  3680 | D:4      | Found a staircase to the Ecumenical Temple.
  3817 | Temple   | Entered the Ecumenical Temple
  3908 | Temple   | Became a worshipper of Warmaster Okawaru
  3945 | D:4      | Reached XP level 5. HP: 46/47 MP: 4/4
  4319 | D:5      | Entered Level 5 of the Dungeon
  4393 | D:5      | Reached skill level 5 in Axes
  4405 | D:5      | Noticed a centaur
  4412 | D:5      | Killed a centaur
  4413 | D:5      | Reached skill level 1 in Throwing
  4413 | D:5      | Reached skill level 1 in Invocations
  4663 | D:5      | Reached XP level 6. HP: 55/55 MP: 5/5
  4816 | D:5      | Reached skill level 5 in Fighting
  4816 | D:5      | Reached skill level 5 in Armour
  4989 | D:5      | Reached * piety under Okawaru
  5116 | D:5      | Found a runed translucent gate.
  5116 | D:5      | Found a runed translucent gate.
  5116 | D:5      | Found a runed translucent gate.
  5119 | D:5      | Noticed DaveKP's ghost (novice DrTm)
  5415 | D:5      | Reached skill level 6 in Axes
  5426 | D:5      | Killed DaveKP's ghost
  5427 | D:5      | Reached XP level 7. HP: 46/62 MP: 7/7
  5440 | D:5      | Identified the +1 cloak of Leapfrog {Dex+2}
  5616 | D:6      | Reached skill level 7 in Axes
  5716 | D:6      | Identified the +6 long sword of Docenut {vorpal, rElec
                  | Dex+4}
  5779 | D:6      | Reached ** piety under Okawaru
  5780 | D:6      | Reached XP level 8. HP: 55/70 MP: 9/9
  5883 | D:6      | Noticed Blork the orc
  5889 | D:6      | Killed Blork the orc
  6219 | D:6      | Noticed Prince Ribbit
  6229 | D:6      | Killed Prince Ribbit
  6230 | D:6      | Reached skill level 8 in Axes
  6698 | D:7      | Reached *** piety under Okawaru
  7070 | D:7      | Noticed Pikel
  7085 | D:7      | Killed Pikel
  7086 | D:7      | Reached skill level 9 in Axes
  7086 | D:7      | Reached XP level 9. HP: 42/79 MP: 8/11
  7417 | D:7      | HP: 4/118 [acid dragon (8)]
  7924 | D:7      | Noticed Maggie
  7948 | D:7      | Killed Maggie
  8353 | D:7      | Reached skill level 10 in Axes
  8833 | D:8      | Noticed Maurice
  8855 | D:8      | Killed Maurice
  8855 | D:8      | Reached **** piety under Okawaru
  8856 | D:8      | Reached skill level 5 in Throwing
  8856 | D:8      | Reached skill level 5 in Invocations
  8927 | D:8      | HP: 3/75 [wight/+2 great sword of freezing (1)]
  8928 | D:8      | Slain by a wight

Illustrated notes

Levels and vault maps discovered:
D:1:      lemuel_arrival_lava_pool, layout_basic
D:2:      layout_basic
D:3:      layout_basic, serial_shops, nicolae_shop_waterfront,
          gammafunk_ghost_mausoleum
D:4:      layout_basic, minmay_temple_entry_gardened_gates
D:5:      layout_gridville, biasface_ghost_orc_armoury
D:6:      layout_loops_ring, uniq_blork_the_orc, uniq_prince_ribbit1
D:7:      wander_river, layout_basic, uniq_maggie, uniq_pikel
D:8:      layout_basic, enter_bailey_5, hangedman_decor_lopped,
          chequers_arboretum, st_stairs_4, uniq_maurice
Temple:   nicolae_temple_great_sept

Skill      XL: |  1  2  3  4  5  6  7  8  9 |
---------------+----------------------------+-----
Axes           | 3 4 5 6 7 9 10 | 10.5
Fighting       | 4 5 6 7 8 |  8.1
Armour         | 4 5 7 8 |  8.0
Throwing       | 1 2 4 5 |  5.2
Invocations    | 1 2 4 5 |  5.1
Shields        | |  3.6

Action                   |  1- 3 |  4- 6 |  7- 9 || total
-------------------------+-------+-------+-------++-------
Melee: War axe           |    65 |   116 |   182 ||   363
       Headbutt          |     9 |    24 |    34 ||    67
       Unarmed           |       |       |     4 ||     4
Throw: Javelin           |       |     3 |       ||     3
Invok: Heroism           |       |     1 |     7 ||     8
  Use: Potion            |     1 |       |     1 ||     2
       Scroll            |       |     9 |       ||     9
Armor: Scale mail        |    30 |    45 |    20 ||    95
       Plate armour      |       |       |    56 ||    56
Dodge: Dodged            |    45 |    47 |    54 ||   146
Block: Buckler           |     9 |    36 |    44 ||    89
